cohdb
Replays
Latest Replays
All Replays
Popular Replays
Top Player Replays
Match Explorer
How It Works
Community
CoH3 Stats
Reddit
Sign in to upload your games and track your stats! →
Sign in with Steam
Match 46328498
Unlisted
Match 46328498
Overview
Messages
Build Orders
End
Vickers Machine Gun Team
Construct Section Command Post
Selects Air and Sea Battlegroup
Dingo Light Scout Car
Infantry Section
Infantry Section
Construct Platoon Command Post
Humber Armored Car
Selects Supply Surplus
Construct Resource Cache
Construct Field Infirmary
Infantry Training
Infantry Section
Forward Retreat Point
Selects Commando Section Paradrop
Selects Commando Support Section Paradrop
Commando Support Section Paradrop
Construct Company Command Post
我真的不是驴
BossManShaw
gooood
Herald of Salt
【嗜血狼族】灵狐魅儿
qwedcasxz
Kittisaktiyanan
士道的直肠好温暖
0
0
Comments
sign in to comment!
No comments posted yet!